 Dungeon Crawl Stone Soup version 0.30.0-5-g1a98f26d00 (webtiles) character file.

Game seed: 15866610648453759468

2444 firemarshallily the Trooper (level 9, -6/72 HPs)
             Began as a Demonspawn Gladiator on May 12, 2023.
             Was an Initiate of Ashenzari.
             Mangled by Joseph
             ... wielding a +0 quarterstaff
              (13 damage)
             ... on level 7 of the Dungeon.
             The game lasted 00:15:26 (5534 turns).

firemarshallily the Trooper (Demonspawn Gladiator)  Turns: 5534, Time: 00:15:27

Health: -6/72      AC:  7    Str: 19    XL:     9   Next: 25%
Magic:  18/18      EV: 12    Int:  9    God:    Ashenzari [......]
Gold:   959        SH:  5    Dex: 15    Spells: 8/8 levels left

rFire   . . .        D - +2 war axe (freeze)
rCold   . . .        u - +0 buckler
rNeg    . . .        s - +1 leather armour {Will+}
rPois   .            g - +2 hat
rElec   .            (no cloak)
rCorr   .            B - +0 pair of gloves
SInv    .            (no boots)
Will    +....        p - amulet of regeneration
Stlth   +            x - ring of magical power
HPRegen 1.12/turn    (no ring)
MPRegen 0.16/turn

%: no passive effects
@: unable to drink
A: spiny 2, condensation shield, demonic touch 2, deterioration 1, inability to
drink after injury 1
a: Renounce Religion


You were on level 7 of the Dungeon.
You worshipped Ashenzari.
Ashenzari was noncommittal.
You visited 2 branches of the dungeon, and saw 8 of its levels.

You collected 1542 gold pieces.
You spent 583 gold pieces at shops.

Inventory:

Hand Weapons
 D - a +2 war axe of freezing (weapon)
Missiles
 c - 2 poisoned darts
 d - 5 throwing nets
 e - 7 javelins
 k - 3 boomerangs (quivered)
Armour
 g - a +2 hat (worn)
 s - a +1 leather armour of willpower (worn)
 u - a +0 buckler (worn)
 B - a +0 pair of gloves (worn)
Jewellery
 p - an amulet of regeneration (around neck)
 x - a ring of magical power (left hand)
 H - a +6 ring of strength
Wands
 n - a wand of digging (3)
 v - a wand of light (17)
 F - a wand of paralysis (13)
 I - a wand of mindburst (16)
Scrolls
 a - a scroll of acquirement
 b - a scroll of torment {unknown}
 f - 4 scrolls of fog
 i - 2 scrolls of amnesia {unknown}
 o - 4 scrolls of teleportation
 t - a scroll of immolation {unknown}
 y - 3 scrolls of fear {unknown}
 E - a scroll of summoning {unknown}
 G - a scroll of magic mapping {unknown}
Potions
 h - 6 potions of lignification
 j - 3 potions of brilliance
 l - 4 potions of curing
 m - a potion of degeneration {unknown}
 q - 5 potions of flight {unknown}
 r - a potion of attraction {unknown}
 w - a potion of cancellation {unknown}
 z - a potion of might
 A - a potion of magic {unknown}
 C - a potion of heal wounds {unknown}


   Skills:
 * Level 7.3 Fighting
 * Level 7.0 Axes
 - Level 1.7 Throwing
 + Level 4.2 Armour
 - Level 2.6 Dodging
 - Level 5.0 Shields


You had 8 spell levels left.
You didn't know any spells.
Your spell library contained the following spells:

 Spells                   Type           Power      Damage    Failure   Level
 Sandblast                Erth           0%         2d4       52%         1
 Cigotuvi's Dreadful Rot  Necr/Pois/Air  0%         N/A       65%         2
 Passwall                 Tmut/Erth      0%         N/A       65%         2
 Ignite Poison            Fire/Tmut/Pois 0%         N/A       87%         3
 Stone Arrow              Conj/Erth      0%         3d7       87%         3
 Freezing Cloud           Conj/Ice/Air   0%         6-21      100%        5


Dungeon Overview and Level Annotations

Branches:
Dungeon (7/15)             Temple (1/1) D:6

Altars:
Ashenzari
Gozag
Kikubaaqudgha
Makhleb
Nemelex Xobeh
Okawaru
Qazlal
Ru
Sif Muna
Uskayaw
Vehumet
Xom
Yredelemnul

Shops:
D:1 *   D:5 (

Annotations:
D:7 Joseph


Innate Abilities, Weirdness & Mutations

You are mostly covered in sharp spines.
A meltable shield of frost defends you. (SH +0)
Your touch may inflict irresistible damage on your foes.
Your body sometimes deteriorates upon taking damage.
You occasionally lose the ability to drink potions when taking damage.


Message History

A steam dragon comes into view.
The steam dragon hisses angrily.
You slash Joseph! You freeze Joseph.
Joseph is moderately wounded.
Joseph is struck by your spines. Joseph hits you with a +0 quarterstaff!
Joseph hits you with a +0 quarterstaff.
You closely miss Joseph.
Joseph is heavily wounded.
Joseph hits you with a +0 quarterstaff.
You hit Joseph. You freeze Joseph.
Joseph is heavily wounded.
Joseph hits you with a +0 quarterstaff!
You barely miss the steam dragon. You hit Joseph. You freeze Joseph.
The steam dragon breathes steam at you. The ball of steam misses you.
Joseph is struck by your spines. Joseph hits you with a +0 quarterstaff!
You feel threatened and lose the ability to drink potions!
* * * LOW HITPOINT WARNING * * *
Unknown command.
The steam dragon bites you.
* * * LOW HITPOINT WARNING * * *
You block the steam dragon's attack.
Unknown command.
You barely miss Joseph.
Joseph is severely wounded.
You hit the steam dragon. You freeze the steam dragon.
You are engulfed in a cloud of scalding steam.
Your condensation shield dissipates!
You block the steam dragon's attack.
The steam dragon claws you but does no damage.
Joseph is struck by your spines. Joseph misses you.
You cannot drink potions in your current state!
You slash Joseph! You freeze Joseph.
Joseph is almost dead.
You barely miss the steam dragon.
You are engulfed in a cloud of scalding steam.
* * * LOW HITPOINT WARNING * * *
You block the steam dragon's attack. The steam dragon closely misses you.
Joseph hits you with a +0 quarterstaff!
You die...

##.## ##.# ##. #....####..#
... .§.....#...# #...
#..#.......####..# ....@..
#.............#..# .......
#§.§.# #(......# .......
#..§# #.......##.
........###§..## ##.##.......
...........D@..###..###..#...
...........@#......####.## #.
#...####..###..## #..# #....#
##.####..# #<##
#.###.####...##..##..#
#..##..#.....##..#
##....##...........
##...#.......##...
##.........###.##


You could see Joseph and a steam dragon (catching breath).

Vanquished Creatures
  A cyclops (D:6)
  A vampire mosquito (D:6)
  An ice beast (D:6)
  2 sky beasts
  5 ogres
  A phantom (D:6)
  2 centaurs (D:6)
  A bullfrog (D:6)
  A kobold brigand (D:6)
  3 scorpions (D:5)
  A howler monkey (D:6)
  A jelly (D:6)
  3 orc priests
  5 hounds
  3 sleepcaps
  2 iguanas
  3 orc wizards
  Robin (D:2)
  4 gnolls (D:3)
  5 adders
  A shadow imp (D:5)
  3 ufetubi
  4 dart slugs
  15 orcs
  7 ball pythons
  7 endoplasms
  2 giant cockroaches (D:2)
  15 goblins
  5 hobgoblins
  6 quokkas
  5 bats
  6 frilled lizards
  4 kobolds
  6 rats
132 creatures vanquished.

Notes
Turn   | Place    | Note
-------+----------+-------------------------------------------
     0 | D:1      | firemarshallily the Demonspawn Gladiator began the quest
                  | for the Orb.
     0 | D:1      | Reached XP level 1. HP: 16/16 MP: 1/1
    96 | D:1      | Gained mutation: Your body sometimes deteriorates upon
                  | taking damage. [potion of mutation]
    96 | D:1      | Gained mutation: You occasionally lose the ability to drink
                  | potions when taking damage. [potion of mutation]
   207 | D:1      | Gained mutation: You are partially covered in sharp spines.
                  | [demonic ancestry]
   207 | D:1      | Reached XP level 2. HP: 20/22 MP: 2/2
   237 | D:1      | Found Lehexk Biaf's Assorted Antiques.
   240 | D:1      | Bought a fuming golden potion for 21 gold pieces
   240 | D:1      | Bought a coppery potion for 21 gold pieces
   634 | D:1      | Bought an inky potion for 21 gold pieces
   756 | D:2      | Reached XP level 3. HP: 27/28 MP: 3/3
   979 | D:2      | Noticed Robin
  1009 | D:2      | Reached skill level 1 in Armour
  1041 | D:2      | Killed Robin
  1686 | D:3      | Gained mutation: Your touch may inflict minor irresistible
                  | damage on your foes. [demonic ancestry]
  1686 | D:3      | Reached XP level 4. HP: 29/35 MP: 4/4
  1886 | D:3      | Identified a scroll of acquirement
  1888 | D:3      | Acquired 1104 gold pieces
  1930 | D:3      | Gained mutation: A meltable shield of frost defends you.
                  | (SH +0) [demonic ancestry]
  1930 | D:3      | Reached XP level 5. HP: 29/42 MP: 5/5
  2048 | D:1      | Bought a dented lapis lazuli amulet for 120 gold pieces
  2048 | D:1      | Bought a scroll labelled XAYC AL TEQ for 24 gold pieces
  2048 | D:1      | Bought a dented platinum amulet for 120 gold pieces
  2856 | D:3      | Identified the +0 pair of boots of Immorality {Harm Str+2
                  | Int-2}
  3034 | D:4      | Noticed a sky beast
  3043 | D:4      | Killed a sky beast
  3044 | D:4      | Reached XP level 6. HP: 49/49 MP: 6/6
  3549 | D:5      | Entered Level 5 of the Dungeon
  3549 | D:5      | Found Maonn's Weapon Boutique.
  3552 | D:5      | Bought a +2 war axe of freezing for 256 gold pieces
  3569 | D:5      | Reached skill level 1 in Shields
  3674 | D:5      | Reached skill level 5 in Fighting
  3674 | D:5      | Gained mutation: You are mostly covered in sharp spines.
                  | [demonic ancestry]
  3674 | D:5      | Reached XP level 7. HP: 45/56 MP: 7/7
  3679 | D:5      | Reached skill level 5 in Axes
  4279 | D:6      | Gained mutation: Your touch may inflict irresistible damage
                  | on your foes. [demonic ancestry]
  4279 | D:6      | Reached XP level 8. HP: 58/64 MP: 8/8
  4571 | D:6      | Noticed a cyclops
  4591 | D:6      | Killed a cyclops
  4731 | D:6      | Reached XP level 9. HP: 65/72 MP: 9/9
  4945 | D:6      | Reached skill level 5 in Shields
  4976 | D:6      | Found a staircase to the Ecumenical Temple.
  4991 | Temple   | Entered the Ecumenical Temple
  5279 | Temple   | Became a worshipper of Ashenzari the Shackled
  5508 | D:7      | Noticed Joseph
  5534 | D:7      | Mangled by Joseph

Illustrated notes

Levels and vault maps discovered:
D:1:      minmay_arrival_open_corners, layout_rooms, serial_shops,
          nicolae_shop_window_shopping, minmay_misc_feat_room,
          palyth_stone_intersect, minmay_shallow_snake_nest
D:2:      layout_basic, uniq_robin
D:3:      minmay_inner_zag, layout_basic, minmay_pentangle
D:4:      layout_basic
D:5:      layout_loops_cross, serial_shops, shop
D:6:      minmay_chambers_of_sixes, layout_loops_ring, minmay_temple_entry_mist,
          hellmonk_no_cap
D:7:      layout_layer_cave, nicolae_hepliaklqana_ecumenical_no_more,
          grunt_temple_overflow_open, uniq_joseph, uniq_menkaure
Temple:   compressed_dpeg_triangle_lava_temple

Skill      XL: |  1  2  3  4  5  6  7  8  9 |
---------------+----------------------------+-----
Axes           | 3 4 5 6 7 |  7.0
Armour         | 1 2 3 4 |  4.2
Fighting       | 3 4 5 7 |  7.3
Shields        | 1 3 4 5 |  5.0
Throwing       | |  1.7
Dodging        | |  2.6

Action                     |  1- 3 |  4- 6 |  7- 9 || total
---------------------------+-------+-------+-------++-------
  Melee: War axe           |    76 |    90 |   116 ||   282
         Touch             |       |    15 |       ||    15
         Punch             |       |     2 |       ||     2
  Throw: Boomerang         |       |     4 |    11 ||    15
         Dart              |       |     2 |       ||     2
    Use: Potion            |     3 |       |       ||     3
         Scroll            |       |     7 |       ||     7
   Stab: Sleeping          |     2 |       |     1 ||     3
 Armour: Leather armour    |    23 |    14 |    28 ||    65
  Dodge: Dodged            |    50 |    50 |    45 ||   145
  Block: Other             |       |     9 |       ||     9
         Buckler           |       |     8 |    58 ||    66
